 Dungeon Crawl Stone Soup version 0.26-a0-712-ga5a9c9c9d0 (webtiles) character file.

Game seed: 2411602109114881373

12266 kae the Transmogrifier (level 11, -7/108 HPs)
             Began as a Naga Transmuter on Nov 3, 2020.
             Was a High Priest of Cheibriados.
             Mangled by a komodo dragon (28 damage)
             ... on level 10 of the Dungeon.
             The game lasted 00:14:54 (17413 turns).

kae the Transmogrifier (Naga Transmuter)           Turns: 17413, Time: 00:14:55

Health: -7/108     AC:  7    Str: 27    XL:     11   Next: 90%
Magic:  15/17      EV: 12    Int: 31    God:    Cheibriados [*****.]
Gold:   449        SH:  5    Dex: 20    Spells: 5/18 levels left

rFire    . . .     SeeInvis +     - Unarmed
rCold    . . .     Faith    .   (shield currently unavailable)
rNeg     . . .     Spirit   .   u - +2 robe of Tagey {rElec MR+++ Dex-2 SInv}
rPois    +         Reflect  +   (no helmet)
rElec    +         Harm     .   v - +0 cloak {MR+}
rCorr    .         Rampage  .   (gloves currently unavailable)
MR       +++++                  (no barding)
Stlth    ++........             B - amulet of reflection
HPRegen  0.28/turn              (no ring)
MPRegen  0.15/turn              y - +6 ring of intelligence

@: blade hands (expiring), very slightly contaminated, very slow
A: large, see invisible, deformed body, poison resistance, slowness 2, spit
poison 1, AC +3
a: Spit Poison, End Transformation, Bend Time, Temporal Distortion, Slouch, Step
From Time, Renounce Religion


You were on level 10 of the Dungeon.
You worshipped Cheibriados.
Cheibriados was extremely pleased with you.
You had blades for hands.
You visited 2 branches of the dungeon, and saw 12 of its levels.

You collected 585 gold pieces.
You spent 136 gold pieces at shops.

Inventory:

Armour
 a - a +0 robe
 m - a +1 cloak
 u - the +2 robe of Tagey (worn) {rElec MR+++ Dex-2 SInv}
   (You bought it in a shop on level 6 of the Dungeon)

   It affects your dexterity (-2).
   It insulates you from electricity.
   It affects your resistance to hostile enchantments.
   It lets you see invisible.
 v - a +0 cloak of magic resistance (worn)
Jewellery
 t - an uncursed ring of flight
 y - a +6 ring of intelligence (right scythe-like blade)
 B - an amulet of reflection (around neck)
Wands
 b - a wand of disintegration (17)
 d - a wand of random effects (22)
 h - a wand of enslavement (3)
 r - a wand of iceblast (20)
 w - a wand of flame (24)
Scrolls
 e - 7 scrolls of teleportation
 g - 3 scrolls of fear
 j - 4 scrolls of remove curse
 l - 3 scrolls of enchant armour
 x - a scroll of summoning
Potions
 c - 2 potions of resistance
 f - 3 potions of stabbing {unknown}
 i - a potion of berserk rage
 k - 2 potions of brilliance
 n - 2 potions of magic
 o - 5 potions of curing
 p - 2 potions of might
 q - a potion of ambrosia
 s - a potion of flight
 A - 3 potions of lignification
 C - 2 potions of cancellation {unknown}
Miscellaneous
 D - a tin of tremorstones (3/3)


   Skills:
 - Level 10.0 Fighting
 + Level 4.2 Dodging
 - Level 9.0 Unarmed Combat
 - Level 4.0 Spellcasting
 - Level 11.0 Transmutations
 - Level 4.0 Ice Magic
 - Level 4.0 Poison Magic


You had 5 spell levels left.
You knew the following spells:

 Your Spells              Type           Power        Failure   Level
a - Beastly Appendage     Tmut           ######       6%          1
b - Spider Form           Tmut/Pois      ######....   14%         3
c - Blade Hands           Tmut           ######....   21%         5
d - Ice Form              Ice/Tmut       ######..     24%         4

Your spell library contained the following spells:

 Spells                   Type           Power        Failure   Level
 Wereblood                Tmut           ######..     7%          2
 Animate Skeleton         Necr           #.....       36%         1
 Apportation              Tloc           #.....       36%         1
 Corona                   Hex            #......      36%         1
 Summon Small Mammal      Summ           #...         36%         1
 Summon Demon             Summ           #.........   99%         5
 Summon Forest            Summ/Tloc      #.........   99%         5
 Summon Mana Viper        Hex/Summ       #.......     99%         5
 Shadow Creatures         Summ           N/A          100%        6
 Summon Hydra             Summ           #.........   100%        7


Dungeon Overview and Level Annotations

Branches:
Dungeon (11/15)            Temple (1/1) D:6            Lair (0/6) D:11
    Orc: D:9-12

Altars:
Ashenzari
Cheibriados
Dithmenos
Elyvilon
Fedhas
Gozag
Kikubaaqudgha
Makhleb
Nemelex Xobeh
Okawaru
Qazlal
Ru
Sif Muna
Trog
Uskayaw
Vehumet
Wu Jian
Xom
Yredelemnul
Zin
The Shining One
Beogh

Shops:
D:6 [}*[

Portals:
Trove: D:10 (give 18 potions of curing)

Annotations:
D:3 3 runed translucent doors, Apogee's ghost, amateur DrTm; aaksess's ghost, amateur GnWn
D:4 3 runed translucent doors, gbos's ghost, weakling GnDe
D:6 1 runed translucent door, Lanoc's ghost, novice GrWn
D:7 3 runed translucent doors, Arthanis's ghost, novice GrBe
D:10 4 runed translucent doors


Innate Abilities, Weirdness & Mutations

You cannot wear boots.
Your serpentine skin is tough. (AC +3)
You have supernaturally acute eyesight. (SInv)
Armour fits poorly on your strangely shaped body.
Your system is resistant to poisons. (rPois)
You cover ground very slowly.
You can spit poison.


Message History

The orc throws a silver boomerang.
The silver boomerang closely misses you.
The weapon returns to the orc!
The komodo dragon closely misses you.
An orc wizard comes into view. It is wielding a +0 dagger. x2
There is a stone staircase leading up here.
The orc wizard shouts!
The komodo dragon bites you but does no damage.
You block the orc warrior's attack.
You climb upwards.
Level annotation: 4 runed translucent doors Your transformation is almost over.
There is a stone staircase leading down here.
The komodo dragon bites you!!
* * * LOW HITPOINT WARNING * * *
The komodo dragon closely misses you.
You hit the komodo dragon.
The komodo dragon is lightly wounded.
The komodo dragon bites you!!
You die...

.##....#........#
.##.#..#.######.#
.##.#...........#####
.##.#...............#
.##.##.############.#
.##.#............##.#
>.....#######..)o...#
.##.#.......#.##l####
..#.#..####.#.##@#
....#.......#.##.#
.....)....#..<.#.#
#...#..##.###.##.#
...............#.#
#..######......#.#
..........)#.#.#.#
#..#######.#...#.#
#..# #.#.###.#


You could see a komodo dragon and an orc warrior.

Vanquished Creatures
  A boulder beetle (D:11)
  3 two-headed ogres
  An unseen horror (D:10)
  An ugly thing (D:11)
  A manticore (D:11)
  Maurice (D:9)
  Maggie (D:9)
  3 trolls
  A hornet (D:9)
  A shadow (D:11)
  A water elemental (D:11)
  3 yaks
  Sigmund (D:3)
  Menkaure (D:7)
  3 water moccasins
  4 black bears (D:11)
  5 orc warriors
  A sky beast (D:5)
  3 ogres
  2 phantoms (D:7)
  4 centaurs
  2 big kobolds
  10 bullfrogs
  A gnoll sergeant (D:11)
  A wyvern zombie (D:11)
  3 scorpions
  9 wights
  6 howler monkeys
  3 electric eels (D:11)
  A bullfrog skeleton (D:9)
  6 hounds
  7 orc priests
  14 orc wizards
  4 centaur skeletons
  2 iguanas
  Natasha (thrice) (D:3)
  7 worker ants
  2 hound zombies
  A hound skeleton (D:11)
  Robin (D:3)
  6 gnolls
  15 adders
  2 shadow imps
  A white imp (D:7)
  2 ufetubi
  An ooze (D:1)
  An adder skeleton (D:6)
  2 adder zombies
  5 worms
  2 dart slugs (D:1)
  4 leopard geckos
  41 orcs
  8 bats
  6 giant cockroaches
  7 hobgoblins
  10 jackals
  14 kobolds
  3 quokkas
  3 ball pythons
  7 frilled lizards
  A giant cockroach zombie (D:5)
  14 goblins
  A leopard gecko skeleton (D:5)
  A quokka skeleton (D:7)
  6 rats
  A spectral orc (D:8)
289 creatures vanquished.

Vanquished Creatures (others)
  44 fungi (D:11)
  55 plants (D:11)
  2 withered plants (D:6)
101 creatures vanquished.

Grand Total: 390 creatures vanquished

Notes
Turn   | Place    | Note
-------+----------+-------------------------------------------
     0 | D:1      | kae the Naga Transmuter began the quest for the Orb.
     0 | D:1      | Reached XP level 1. HP: 18/18 MP: 3/3
   472 | D:1      | Reached XP level 2. HP: 25/25 MP: 3/5
   928 | D:1      | Reached skill level 3 in Transmutations
   928 | D:1      | Reached XP level 3. HP: 31/31 MP: 4/6
   935 | D:1      | Learned a level 3 spell: Spider Form
  1240 | D:1      | Reached skill level 1 in Poison Magic
  1708 | D:2      | Found a faded altar of an unknown god.
  1892 | D:2      | Found a radiant altar of Vehumet.
  1943 | D:2      | Reached XP level 4. HP: 28/38 MP: 5/7
  2112 | D:2      | Found a hide-covered altar of Uskayaw.
  2544 | D:3      | Found a runed translucent gate.
  2544 | D:3      | Found a runed translucent gate.
  2544 | D:3      | Found a runed translucent gate.
  2558 | D:3      | Noticed Sigmund
  2625 | D:3      | Noticed aaksess's ghost (amateur GnWn)
  2625 | D:3      | Noticed Apogee's ghost (amateur DrTm)
  2744 | D:3      | Killed Sigmund
  2744 | D:3      | Reached skill level 4 in Transmutations
  2744 | D:3      | Reached XP level 5. HP: 37/44 MP: 5/8
  2744 | D:3      | Reached XP level 6. HP: 43/51 MP: 5/9
  2808 | D:3      | Noticed Robin
  2817 | D:3      | Killed Robin
  3140 | D:3      | Found a burning altar of Makhleb.
  3253 | D:3      | Found a glowing golden altar of the Shining One.
  3478 | D:3      | Noticed Natasha
  3483 | D:3      | Killed Natasha
  3489 | D:3      | Reached skill level 5 in Transmutations
  3609 | D:3      | Noticed a green death
  3726 | D:3      | Found a glowing golden altar of the Shining One.
  3808 | D:3      | Found a runed translucent gate.
  3808 | D:3      | Found a runed translucent gate.
  3808 | D:3      | Found a runed translucent gate.
  3880 | D:3      | Found a burning altar of Makhleb.
  3883 | D:3      | Noticed an orange demon
  3883 | D:3      | Noticed a ynoxinul
  3900 | D:3      | Noticed Natasha
  3927 | D:3      | Killed Natasha
  4090 | D:3      | Found a glowing golden altar of the Shining One.
  4147 | D:3      | Found a burning altar of Makhleb.
  4160 | D:3      | Found a runed translucent gate.
  4160 | D:3      | Found a runed translucent gate.
  4160 | D:3      | Found a runed translucent gate.
  4286 | D:3      | Noticed Natasha
  4298 | D:3      | Killed Natasha
  4827 | D:4      | Reached XP level 7. HP: 43/57 MP: 6/10
  4999 | D:4      | Learned a level 4 spell: Ice Form
  5096 | D:4      | Found a runed translucent gate.
  5097 | D:4      | Found a runed translucent gate.
  5097 | D:4      | Found a runed translucent gate.
  5586 | D:4      | Noticed gbos's ghost (weakling GnDe)
  5607 | D:4      | Identified the +3 scale mail of Pyosog {MP+9 Int+3 Stlth-}
  5611 | D:4      | Found a roughly hewn altar of Beogh.
  5652 | D:5      | Entered Level 5 of the Dungeon
  5925 | D:5      | Reached skill level 1 in Ice Magic
  5980 | D:5      | Reached skill level 6 in Transmutations
  6262 | D:5      | Reached skill level 5 in Unarmed Combat
  7007 | D:5      | Reached XP level 8. HP: 43/64 MP: 7/11
  7301 | D:5      | Reached skill level 7 in Transmutations
  7663 | D:6      | Found Wetsych's Gadget Shoppe.
  8169 | D:6      | Found an opulent altar of Gozag.
  8427 | D:6      | Found a staircase to the Ecumenical Temple.
  8445 | D:6      | Found a runed translucent door.
  8445 | D:6      | Noticed Lanoc's ghost (novice GrWn)
  8470 | D:6      | Found Jaar's Antique Armour Boutique.
  8499 | D:6      | Found Hukk's Antique Armour Shop.
  8531 | D:6      | Bought a thick robe for 136 gold pieces
  8541 | D:6      | Identified the +2 robe of Tagey {rElec MR+++ Dex-2 SInv}
                  | (You bought it in a shop on level 6 of the Dungeon)
  8652 | D:6      | Found Bigiteah's General Store.
  8894 | D:7      | Noticed Menkaure
  8900 | D:7      | Killed Menkaure
  8900 | D:7      | Reached skill level 8 in Transmutations
  9261 | Temple   | Entered the Ecumenical Temple
  9562 | D:7      | Reached XP level 9. HP: 56/70 MP: 2/12
  9877 | D:7      | Found a snail-covered altar of Cheibriados.
  9946 | D:7      | Became a worshipper of Cheibriados the Contemplative
 10231 | D:7      | Found a runed translucent gate.
 10231 | D:7      | Noticed Arthanis's ghost (novice GrBe)
 10232 | D:7      | Found a runed translucent gate.
 10232 | D:7      | Found a runed translucent gate.
 10235 | D:7      | Found a roughly hewn altar of Beogh.
 10707 | D:8      | Reached skill level 9 in Transmutations
 10708 | D:8      | Found an iron altar of Okawaru.
 11458 | D:8      | Reached * piety under Cheibriados
 11520 | D:8      | Found a basalt altar of Yredelemnul.
 11960 | D:9      | Noticed a troll
 12106 | D:8      | Reached skill level 10 in Transmutations
 12550 | D:9      | Killed a troll
 12894 | D:9      | Noticed a two-headed ogre
 12958 | D:9      | Killed a two-headed ogre
 12958 | D:9      | Reached skill level 11 in Transmutations
 12958 | D:9      | Reached XP level 10. HP: 38/78 MP: 8/13
 13213 | D:9      | Reached ** piety under Cheibriados
 13542 | D:9      | Noticed Maggie
 13561 | D:9      | Killed Maggie
 14085 | D:9      | Noticed Maurice
 14339 | D:9      | Reached *** piety under Cheibriados
 14540 | D:9      | Killed Maurice
 14646 | D:10     | Entered Level 10 of the Dungeon
 14659 | D:10     | Noticed a two-headed ogre
 14669 | D:10     | Killed a two-headed ogre
 14669 | D:10     | Reached XP level 11. HP: 65/97 MP: 13/17
 14946 | D:10     | Noticed an unseen horror
 14951 | D:10     | Killed an unseen horror
 15568 | D:10     | Found a portal to a secret trove of treasure.
 15690 | D:10     | Found a huge runed translucent gate.
 15690 | D:10     | Found a huge runed translucent gate.
 15690 | D:10     | Found a huge runed translucent gate.
 15691 | D:10     | Found a huge runed translucent gate.
 16460 | D:11     | Noticed a boulder beetle
 16670 | D:11     | Learned a level 5 spell: Blade Hands
 16711 | D:11     | Killed a boulder beetle
 16883 | D:11     | Reached **** piety under Cheibriados
 16989 | D:11     | Found a staircase to the Lair.
 17006 | D:11     | Noticed a two-headed ogre
 17021 | D:11     | Noticed a green ugly thing
 17372 | D:11     | Noticed a manticore
 17380 | D:11     | Killed a green ugly thing
 17380 | D:11     | Reached skill level 10 in Fighting
 17383 | D:11     | Killed a two-headed ogre
 17385 | D:11     | Killed a manticore
 17390 | D:11     | Reached ***** piety under Cheibriados
 17413 | D:10     | Mangled by a komodo dragon

Illustrated notes

Levels and vault maps discovered:
D:1:      dpeg_arrival_rhombus, layout_loops_cross, serial_bayou_ford_a,
          dk_noncrumbling_4, minmay_tiny_reverse_x
D:2:      layout_basic, old_standard_altar, old_standard_altar,
          chequers_ecumenical_altar_simple_redux
D:3:      layout_rooms, makhleb_altar_promises_db, lemuel_doored_altar,
          gammafunk_ghost_cemetery, kennysheep_generic_room_11, uniq_natasha,
          uniq_sigmund, uniq_robin
D:4:      layout_loops_ring, biasface_ghost_orc_armoury,
          hangedman_abyss_or_decor_passed
D:5:      layout_basic, kennysheep_nub
D:6:      layout_basic, lemuel_crystal_altar, minmay_temple_entry_from_below_a,
          serial_shops, kennysheep_little_box, shop, shop_statue,
          nicolae_shop_overgrown_old_shop, gammafunk_ghost_grave
D:7:      layout_loops_ring, nicolae_overflow_crystal_walls,
          biasface_ghost_orc_armoury, uniq_menkaure
D:8:      layout_cave_pools, nicolae_overflow_hidden_temple,
          yredelemnul_forgotten_temple_becter, lemuel_tele_altar
D:9:      layout_basic, kennysheep_generic_room_15, uniq_maggie, uniq_maurice
D:10:     lemuel_bear_cage, layout_basic, enter_trove_1
D:11:     layout_basic, due_lair_maze_entry_diamond, basic_altar
Temple:   eino_narrow_crystal_temple

Skill      XL: |  1  2  3  4  5  6  7  8  9 10 11 |
---------------+----------------------------------+-----
Transmutations | 3 4 5 6 8 11 | 11.0
Poison Magic   | 1 3 4 |  4.0
Unarmed Combat | 4 5 6 8 9 |  9.0
Ice Magic      | 2 4 |  4.0
Spellcasting   | 4 |  4.0
Fighting       | 6 10 | 10.0
Dodging        | 4 |  4.2

Action                   |  1- 3 |  4- 6 |  7- 9 | 10-12 || total
-------------------------+-------+-------+-------+-------++-------
Melee: Unarmed           |    72 |    89 |   335 |   250 ||   746
       Headbutt          |     4 |       |       |       ||     4
       Punch             |       |       |       |     5 ||     5
 Cast: Beastly Appendage |    19 |     8 |       |       ||    27
       Spider Form       |       |    18 |    36 |       ||    54
       Ice Form          |       |       |    25 |    18 ||    43
       Blade Hands       |       |       |       |     6 ||     6
Invok: Bend Time         |       |       |       |     1 ||     1
 Abil: Spit Poison       |    30 |     6 |    21 |    11 ||    68
Evoke: Wand              |       |       |     3 |       ||     3
  Use: Potion            |     2 |       |     2 |       ||     4
       Scroll            |       |    10 |    11 |     2 ||    23
 Stab: Sleeping          |       |       |     1 |       ||     1
       Distracted        |       |       |     1 |       ||     1
Armor: Robe              |    32 |    12 |    16 |    12 ||    72
       Skin              |       |     5 |    34 |    49 ||    88
Dodge: Dodged            |    66 |    87 |   290 |   104 ||   547
Block: Other             |       |       |       |    18 ||    18
       Reflection        |       |       |       |     2 ||     2

Table legend: (Time is in decaauts)
 A = Elapsed time spent in this place.
 B = Non-inter-level travel time spent in this place.
 C = Inter-level travel time spent in this place.
 D = Time resting spent in this place.
 E = Time spent auto-exploring this place.
 F = Levels seen in this place.
 G = Mean time per level.
                   A        B        C        D        E       F      G
               +--------+--------+--------+--------+--------+-----+--------+
         Total |  21906 |  20950 |    956 |   1262 |  17401 |  12 | 1825.5 |
       Dungeon |  21568 |  20631 |    937 |   1185 |  17160 |  11 | 1960.7 |
        Temple |    337 |    318 |     19 |     77 |    240 |   1 |  337.0 |
               +--------+--------+--------+--------+--------+-----+--------+

Top non-repeatable levels by time:
    D:10: 3032 daAuts
     D:9: 2785 daAuts
     D:5: 2660 daAuts
     D:3: 2194 daAuts
     D:7: 2144 daAuts
     D:8: 2000 daAuts
     D:1: 1800 daAuts
     D:2: 1428 daAuts
     D:4: 1346 daAuts
    D:11: 1249 daAuts
     D:6: 927 daAuts
  Temple: 337 daAuts
